 Dungeon Crawl Stone Soup version 0.29.0-4-gdea44cf6ec (webtiles) character file.

Game seed: 1978074164603350348

73 qw the Chopper (level 4, -2/23 (26) HPs)
             Began as a Tengu Warper on Aug 28, 2022.
             Slain by an orc
             ... wielding a +0 morningstar
              (5 damage)
             ... on level 2 of the Dungeon.
             The game lasted 00:00:12 (2363 turns).

qw the Chopper (Tengu Warper)                       Turns: 2363, Time: 00:00:13

HP:   -2/23 (26)    AC:  8    Str: 13    XL:     4   Next: 27%
MP:   8/8           EV:  6    Int: 14    God:
Gold: 66            SH:  0    Dex: 13    Spells: 7/7 levels left

rFire   . . .      SeeInvis .   Y - +0 war axe
rCold   . . .      Faith    .   (no shield)
rNeg    . . .      Spirit   .   k - +0 chain mail
rPois   .          Reflect  .   (helmet restricted)
rElec   .          Harm     .   (no cloak)
rCorr   .          Rampage  .   (no gloves)
Will    .....                   (boots unavailable)
Stlth   ..........              (no amulet)
HPRegen 0.07/turn               (no ring)
MPRegen 0.11/turn               (no ring)

@: heavily drained
A: beak, talons 3
a: no special abilities


You were on level 2 of the Dungeon.
You visited 1 branch of the dungeon, and saw 3 of its levels.

You collected 66 gold pieces.


Innate Abilities, Weirdness & Mutations

You have a beak for a mouth.
You have claws for feet.


   Skills:
 - Level 2.0 Fighting
 + Level 4.9 Axes
 - Level 1.0 Throwing
 - Level 1.1 Armour
 - Level 2.1 Dodging
 - Level 2.0 Spellcasting
 - Level 2.4 Translocations


You had 7 spell levels left.
You didn't know any spells.
Your spell library contained the following spells:

 Spells                   Type           Power      Damage    Failure   Level
 Blink                    Tloc           16%        N/A       99%         2
 Gell's Gravitas          Tloc           8%         N/A       100%        3
 Lesser Beckoning         Tloc           8%         N/A       100%        3
 Teleport Other           Tloc           8%         N/A       100%        3
 Manifold Assault         Tloc           8%         N/A       100%        5

Inventory:

Hand Weapons
 f - a +0 whip
 Y - a +0 war axe (weapon)
Missiles
 d - 2 javelins (quivered)
Armour
 k - a +0 chain mail (worn)
Potions
 e - a potion of curing
 g - a potion of cancellation {unknown}
 h - a potion of mutation {unknown}
 i - a potion of magic {unknown}
 j - a potion of haste
 l - a potion of brilliance {unknown}

Dungeon Overview and Level Annotations

Branches:
Dungeon (3/15)

Altars:


Message History

Done exploring.
(D) Dungeon
Where to? (* - list waypoints, Enter - D:3, ? - help)
What level of the Dungeon? (default 1, ? - help)
You climb downwards.
The orc hits you but does no damage. The orc hits you with a +0 club.
There is a stone staircase leading up here.
2276 ||| STAIRDANCE The orc hits you but does no damage.
You climb upwards.
There is a stone staircase leading down here.
You completely miss the orc. You claw the orc.
The orc is moderately wounded.
The orc hits you but does no damage.
You closely miss the orc.
The orc is moderately wounded.
The orc hits you with a +0 club.
You closely miss the orc.
The orc is moderately wounded.
The orc hits you but does no damage.
You slash the orc!
You kill the orc!
You start resting.
HP restored.
Done exploring.
(D) Dungeon
Where to? (* - list waypoints, Enter - D:3, ? - help)
What level of the Dungeon? (default 1, ? - help)
You climb downwards.
The orc hits you with a +0 morningstar!
There is a stone staircase leading up, spattered with blood here.
2360 ||| STAIRDANCE The orc hits you with a +0 morningstar.
You climb upwards.
There is a stone staircase leading down here.
You barely miss the orc. Your kick misses the orc.
The orc hits you with a +0 morningstar!
You hit the orc. Your kick misses the orc.
The orc is moderately wounded.
The orc hits you with a +0 morningstar.
You die...

..# #.#.#.#.# #.# #.# # ###
#.#<#.#.# #.####.# # #.#...#.#
#.#....# #
##########.#.###.######.#(#..# #
#.......##.#(...........#.#..# #
#.......##.#####.########.#..# #
#.......##.# #.# #.#..# #
#.......##.#####)########.#..# #
')......'.......@o......#.#..# #
#.......########.######.#.#..# #
#.......# #.# #.#.#..# #
#.......# #.# #.#<#..# #
#.......# #.# #.#....# #
#.......# #.# #.#.#.## #
#.......########.######.#.#.#####
##########..............#.#......
#.#####%########.#######


You could see an orc.

Vanquished Creatures
  2 adders (D:2)
  A worm (D:2)
  A dart slug (D:2)
  3 orcs (D:2)
  5 endoplasms
  2 giant cockroaches (D:1)
  6 goblins
  3 hobgoblins
  3 kobolds
  A quokka (D:2)
  3 ball pythons (D:2)
  5 bats
  3 frilled lizards
  8 rats
46 creatures vanquished.

Notes
Turn   | Place    | Note
-------+----------+-------------------------------------------
     0 | D:1      | qw the Tengu Warper began the quest for the Orb.
     0 | D:1      | Reached XP level 1. HP: 12/12 MP: 4/4
     0 | D:1      | 0 ||| qw: Version: 0.1-a-89-g26bdef1
     0 | D:1      | 0 ||| qw: Game counter: 3414
     0 | D:1      | 0 ||| qw: Always use a shield: true
     0 | D:1      | 0 ||| qw: God list: Okawaru
     0 | D:1      | 0 ||| qw: Allow faded altars: false
     0 | D:1      | 0 ||| qw: Do Orc after D:15 true
     0 | D:1      | 0 ||| qw: Do second Lair branch before Depths: true
     0 | D:1      | 0 ||| qw: Lair rune preference: random
     0 | D:1      | 0 ||| qw: Plans: Normal
     0 | D:1      | 0 ||| PLANNING D:1-11
     5 | D:1      | 5 ||| Stepping ~*~*~tactically~*~*~ (water).
    17 | D:1      | 17 ||| Stepping ~*~*~tactically~*~*~ (stealth).
    83 | D:1      | 83 ||| Stepping ~*~*~tactically~*~*~ (stealth).
    94 | D:1      | Reached XP level 2. HP: 17/17 MP: 6/6
    96 | D:1      | 96 ||| DROPPING +0 club.
   110 | D:1      | Reached skill level 3 in Axes
   121 | D:1      | 121 ||| Stepping ~*~*~tactically~*~*~ (stealth).
   122 | D:1      | 122 ||| Stepping ~*~*~tactically~*~*~ (stealth).
   240 | D:1      | 240 ||| Stepping ~*~*~tactically~*~*~ (stealth).
   242 | D:1      | 242 ||| Stepping ~*~*~tactically~*~*~ (stealth).
   244 | D:1      | 244 ||| Stepping ~*~*~tactically~*~*~ (stealth).
   417 | D:1      | 417 ||| Stepping ~*~*~tactically~*~*~ (stealth).
   418 | D:1      | 418 ||| Stepping ~*~*~tactically~*~*~ (stealth).
   420 | D:1      | 420 ||| Stepping ~*~*~tactically~*~*~ (stealth).
   426 | D:1      | 426 ||| Stepping ~*~*~tactically~*~*~ (stealth).
   428 | D:1      | 428 ||| Stepping ~*~*~tactically~*~*~ (stealth).
   587 | D:1      | Reached XP level 3. HP: 21/21 MP: 7/7
   742 | D:1      | 742 ||| DROPPING orb of energy.
   743 | D:1      | 743 ||| READING scroll labelled VUNEXEMA TOAMAW.
   744 | D:1      | 744 ||| READING scroll labelled ICLOKK KINLUM.
   845 | D:1      | 845 ||| DROPPING scroll of blinking.
   878 | D:2      | 878 ||| Stepping ~*~*~tactically~*~*~ (hiding).
   962 | D:2      | 962 ||| SWAPPING to +0 war axe.
   971 | D:2      | Reached skill level 4 in Axes
  1149 | D:2      | 1149 ||| DROPPING +0 hand axe.
  1579 | D:2      | 1579 ||| Stepping ~*~*~tactically~*~*~ (stealth).
  1595 | D:2      | Reached XP level 4. HP: 13/26 MP: 8/8
  1809 | D:2      | 1809 ||| Stepping ~*~*~tactically~*~*~ (stealth).
  2134 | D:2      | 2134 ||| UPGRADING to +0 chain mail.
  2144 | D:2      | 2144 ||| DROPPING +0 leather armour.
  2145 | D:2      | 2145 ||| READING scroll labelled RIF WATOJAIL.
  2146 | D:2      | 2146 ||| DRINKING 2 clear potions.
  2147 | D:2      | 2147 ||| DRINKING 2 viscous blue potions.
  2220 | D:3      | 2220 ||| STAIRDANCE
  2230 | D:3      | 2230 ||| STAIRDANCE
  2276 | D:3      | 2276 ||| STAIRDANCE
  2360 | D:3      | 2360 ||| STAIRDANCE
  2362 | D:2      | HP: 3/23 [orc/+0 morningstar (7)]
  2363 | D:2      | Slain by an orc

Levels and vault maps discovered:
D:1:      spicycebolla_arrival_xxxplode, layout_rooms, serial_rivers,
          chequers_serial_rivers_micro_d, chequers_serial_rivers_marsh,
          chequers_serial_rivers_micro_b, chequers_serial_rivers_room_a
D:2:      layout_basic, minmay_pentomino_q2
D:3:      layout_rooms, serial_shops, nicolae_square_shop, serial_forest,
          infiniplex_forest_lined_corner, infiniplex_forest_corner_2,
          infiniplex_forest_lined_ring, infiniplex_forest_pool,
          infiniplex_forest_clump_medium, infiniplex_forest_straight_2,
          infiniplex_forest_zigzag_1, infiniplex_forest_lined_room_,
          nrook_mini_vaults, uniq_robin

Skill      XL: |  1  2  3 |
---------------+----------+-----
Axes           | 3 4 |  4.9
Fighting       | |  2.0
Throwing       | |  1.0
Armour         | |  1.1
Dodging        | |  2.1
Spellcasting   | |  2.0
Translocations | |  2.4

Action                   |  1- 3 |  4- 6 || total
-------------------------+-------+-------++-------
Melee: Hand axe          |    50 |       ||    50
       Kick              |    12 |     5 ||    17
       Peck              |     8 |     2 ||    10
       War axe           |    31 |    29 ||    60
Throw: Boomerang         |     7 |       ||     7
       Javelin           |     8 |     6 ||    14
  Use: Scroll            |     2 |     1 ||     3
       Potion            |       |     2 ||     2
Armor: Leather armour    |    14 |    10 ||    24
       Chain mail        |       |    11 ||    11
Dodge: Dodged            |    39 |     9 ||    48

Table legend:
 A = Non-vault XP
 B = Vault XP
 C = Vault XP percentage of total XP
 D = Non-vault monster count
 E = Vault monster count
 F = Vault count percentage of total count
                 A         B        C        D         E       F
            +---------+---------+-------+---------+---------+-------
      Total |      90 |      15 |  14.3 |      44 |       2 |   4.3
            +---------+---------+-------+---------+---------+-------
        D:1 |      38 |       0 |   0.0 |      24 |       0 |   0.0
        D:2 |      52 |      15 |  22.4 |      20 |       2 |   9.1
            +---------+---------+-------+---------+---------+-------
